Map: King Sejong Station LE

Players

LiquidTLO (TLO) - Winner!

  • Race: Zerg Zerg
  • League: Grandmaster

llllllllllll

  • Race: Protoss Protoss
  • League: Grandmaster

VOD

Have the link to the VOD?

Description

Time

  • Played on: July 3, 2016, 2:08 p.m.
  • Length: 3:04
Show
View Real Time Build Order
Export as new Build Order

LiquidTLO Zerg - Winner!

Build Orders: Hatch First 

Get SALT Encoding   

  12  0:00  Drone  
  13  0:12  Overlord  
  13  0:17  Drone  
  14  0:30  Drone x2  
  16  0:49  Hatchery  
  15  0:52  Drone  
  15  0:55  Extractor  
  15  0:56  Drone  
  16  1:01  Drone  
  17  1:17  Spawning Pool  
  16  1:29  Drone  
  17  1:37  Drone  
  18  1:41  Drone  
  19  1:53  Drone  
  20  1:55  Drone  
  19  2:06  Zergling x2  
  14  2:24  Zergling x2  
  15  2:31  Zergling x2  
  16  2:37  Zergling x2  
  16  2:41  Zergling x2  
  18  2:45  Drone  
  18  2:51  Drone  
Show
View Real Time Build Order
Export as new Build Order

llllllllllll Protoss 

Build Orders:  

Get SALT Encoding   

  12  0:01  Probe (Chrono Boost)  
  13  0:11  Probe (Chrono Boost)  
  14  0:19  Pylon  
  14  0:22  Probe (Chrono Boost)  
  15  0:38  Probe (Chrono Boost)  
  15  0:40  Forge  
  16  0:48  Probe (Chrono Boost)  
  17  1:01  Assimilator  
  17  1:09  Pylon  
  17  1:13  Pylon  
  17  1:14  Pylon  
  17  1:27  Photon Cannon  
  17  1:29  Pylon  
  17  1:31  Pylon  
  17  1:34  Gateway  
  17  1:45  Pylon  
  17  1:49  Pylon  
  17  1:50  Pylon  
  17  2:01  Photon Cannon  
  16  2:08  Pylon  
  16  2:21  Zealot (Chrono Boost)  
  18  2:28  Photon Cannon  
  18  2:31  Photon Cannon  
  18  2:33  Gateway  
  18  2:37  Gateway  
  18  2:38  Photon Cannon  
  18  2:52  Photon Cannon  
  18  2:59  Photon Cannon  
Tags
 
Add a new tag
Caveats
  • Supply blocks, unpowered buildings, or Contaminate may cause inaccurate times.
  • Supply counts are checked every 10 seconds.